AoeStats
← TIMVP

Arena

508646919Analyzed
1v1 RM · 9d ago on Sep 23, 2026· 60m 8s· 2 players
Game mode
Random Map
Map size
Tiny (2 player)
Population
200
Speed
Normal
Resources
Standard
Victory
Conquest
Starting age
Dark Age
Ending age
Imperial Age
RankedLock teamsTeams togetherTeam positionsShared explorationLock speedFull tech treeHidden civsTurbo modeCheats
Victory
Defeat
🇵🇪 Romans · Peru
537
+17
🇺🇸 Danes · United States
566
-17
TIMVP
6:28 Loom
11:44 Feudal Age
13:03 Wheelbarrow
13:01 Double-Bit Axe
17:17 Stone Mining
20:25 Castle Age
19:08 Man-at-Arms
20:06 Gold Mining
20:06 Horse Collar
29:29 Heavy Plow
30:15 Hand Cart
31:45 Gold Shaft Mining
35:19 Imperial Age
34:28 Long Swordsman
35:59 Ballistas
36:36 Scale Mail Armor
37:21 Forging
37:51 Ballistics
37:07 Legionary
39:53 Iron Casting
38:41 Capped Ram
40:08 Siege Ram
43:17 Chain Mail Armor
44:02 Blast Furnace
46:22 Heavy Scorpion
47:58 Scale Barding Armor
50:11 Elite Centurion
56:43 Chain Barding Armor
XaosKun_YT
2:33 Loom
12:14 Feudal Age
12:52 Double-Bit Axe
12:48 Horse Collar
13:03 Gold Mining
20:11 Castle Age
21:59 Stone Mining
25:30 Wheelbarrow
24:40 Town Watch
27:57 Murder Holes
30:10 Hand Cart
33:36 Ballistics
37:20 Imperial Age
36:02 Forging
35:53 Scale Mail Armor
35:43 Fletching
35:54 Padded Archer Armor
37:24 Iron Casting
36:53 Town Patrol
37:11 Masonry
37:16 Bow Saw
37:09 Heavy Plow
37:59 Chain Mail Armor
38:25 Conscription
37:27 Hamask
39:15 Bodkin Arrow
39:59 Hoardings
38:51 Northmen's Fury
39:28 Onager
41:45 Blast Furnace
41:16 Plate Mail Armor
41:40 Heavy Scorpion
43:31 Bracer
43:47 Leather Archer Armor
42:57 Elite Jomsviking
46:17 Ring Archer Armor
46:18 Squires
46:03 Arson
46:04 Gambesons
47:01 Scale Barding Armor
46:20 Pikeman
48:14 Chain Barding Armor
48:27 Man-at-Arms
48:27 Halberdier
50:00 Plate Barding Armor
49:49 Long Swordsman
50:37 Thumb Ring
49:52 Elite Skirmisher
50:45 Halberdier
51:13 Two-Handed Swordsman
56:15 Siege Engineers
57:11 Chemistry
55:38 Champion
56:07 Capped Ram
59:41 Crossbowman
Connection lost

Rejoining the realm…

Still unreachable

The connection could not be restored.

Session expired

The server has moved on; the page needs a fresh start.